 Dungeon Crawl Stone Soup version 0.23-a0-241-g3b46b07 (webtiles) character file.

488 galech the Skirmisher (level 6, -6/50 HPs)
             Began as a Demonspawn Fighter on Sept 26, 2018.
             Killed by divine providence
             ... invoked by an orc priest
              (10 damage)
             ... on level 4 of the Dungeon.
             The game lasted 00:04:29 (3816 turns).

galech the Skirmisher (Demonspawn Fighter)          Turns: 3816, Time: 00:04:30

Health: -6/50      AC: 15    Str: 17    XL:     6   Next: 90%
Magic:  0/6        EV:  3    Int:  9    God:
Gold:   87         SH:  9    Dex: 14    Spells: 5/5 levels left

rFire    . . .     SeeInvis +   a - +0 war axe
rCold    . . .     Gourm    .   c - +0 shield
rNeg     . . .     Faith    .   h - +0 plate armour
rPois    .         Spirit   +   m - +1 helmet {SInv}
rElec    .         Reflect  .   (no cloak)
rCorr    .         Harm     .   (no gloves)
MR       .....                  (no boots)
Stlth    ..........             p - amulet of magic regeneration
HPRegen  0.16/turn              (no ring)
MPRegen  0.35/turn              (no ring)

@: no status effects
A: yellow scales 1, demonic guardian 1, magic shield
a: no special abilities


You were on level 4 of the Dungeon.
You were not hungry.

You visited 1 branch of the dungeon, and saw 4 of its levels.

You collected 87 gold pieces.

Inventory:

Hand Weapons
 a - a +0 war axe (weapon)
Armour
 c - a +0 shield (worn)
 h - a +0 plate armour (worn)
 m - a +1 helmet of see invisible (worn)
Jewellery
 p - an amulet of magic regeneration (around neck)
Scrolls
 b - a scroll of teleportation {unknown}
 e - 5 scrolls of remove curse {unknown}
 g - a scroll of random uselessness {unknown}
 k - 4 scrolls of blinking {unknown}
 l - 6 scrolls of identify {unknown}
 r - a scroll of enchant weapon {unknown}
 t - a scroll of magic mapping {unknown}
 v - a scroll of fear {unknown}
Potions
 d - a potion of might
 i - a potion of degeneration
 j - a potion of flight {unknown}
 n - 3 potions of heal wounds {unknown}
 o - a potion of brilliance {unknown}
 s - a potion of ambrosia {unknown}
 u - a potion of mutation {unknown}
Comestibles
 f - 9 rations
 q - 8 chunks of flesh


   Skills:
 + Level 4.8 Fighting
 + Level 4.1 Axes
 + Level 3.6 Armour
 + Level 0.8 Dodging
 + Level 0.2 Stealth
 + Level 3.9 Shields


You had 5 spell levels left.
You didn't know any spells.
Your spell library was empty.

Dungeon Overview and Level Annotations

Branches:
Dungeon (4/15)
 Temple: D:4-7

Altars:
Qazlal


Innate Abilities, Weirdness & Mutations

You are partially covered in yellow scales. (AC +2)
A weak demonic guardian rushes to your aid.
When hurt, damage is shared between your health and your magic reserves.


Message History

The adder skeleton is destroyed!
You block the adder's attack. The orc hits you but does no damage.
Your quasit closely misses the orc priest.
Your quasit claws the orc priest.
Your quasit barely misses the orc priest.
The orc priest hits you but does no damage.
Okay, then.
Your quasit barely misses the orc priest.
Your quasit claws the orc priest.
Your quasit misses the orc priest. The orc barely misses your quasit.
The orc priest invokes the aid of Beogh against your quasit.
Your quasit is smitten.
Your quasit dies!
The adder bites you but does no damage.
You miss the adder.
The adder is moderately wounded.
The orc priest shouts!
The orc priest invokes the aid of Beogh against you.
Beogh smites you!
You die...

#######.###.#####
................# .
................##### ..
.................##..
........................
............##.##.......
.....#####.##....##.....
.........#.......##.....
......)@..#......##.....
.......oS...$...........
.####..)o.#.#..........#
#....<.................
#.##.....##.##.........
# #...... ............
....................
............. .
...........


You could see an orc priest, an adder and an orc.

Vanquished Creatures
  Duvessa (D:4)
  Dowan (D:4)
  A centaur zombie (D:3)
  Jessica (D:2)
  2 orc wizards (D:4)
  A worker ant (D:4)
  Terence (D:2)
  A hound skeleton (D:3)
  Robin (D:3)
  5 gnolls
  4 adders (D:2)
  An ooze (D:3)
  2 worms (D:2)
  3 dart slugs
  2 leopard geckos (D:1)
  An orc (D:3)
  5 bats
  17 goblins
  6 hobgoblins
  7 kobolds
  A quokka (D:4)
  7 ball pythons
  2 frilled lizards
  7 rats
80 creatures vanquished.

Vanquished Creatures (collateral kills)
  An adder skeleton (D:4)
  2 orcs (D:4)
3 creatures vanquished.

Grand Total: 83 creatures vanquished

Notes
Turn   | Place    | Note
-------+----------+-------------------------------------------
     0 | D:1      | galech the Demonspawn Fighter began the quest for the Orb.
     0 | D:1      | Reached XP level 1. HP: 18/18 MP: 1/1
   110 | D:1      | Gained mutation: When hurt, damage is shared between your
                  | health and your magic reserves. [demonic ancestry]
   110 | D:1      | Reached XP level 2. HP: 16/24 MP: 2/2
   946 | D:1      | Reached XP level 3. HP: 27/29 MP: 3/3
  1645 | D:2      | Gained mutation: You are partially covered in yellow
                  | scales. (AC +2) [demonic ancestry]
  1645 | D:2      | Reached XP level 4. HP: 26/35 MP: 0/4
  1808 | D:2      | Found a stormy altar of Qazlal.
  2675 | D:3      | Noticed Jessica
  2678 | D:3      | Noticed Terence
  2692 | D:3      | Reached XP level 5. HP: 42/42 MP: 5/5
  2710 | D:2      | Killed Jessica
  2975 | D:2      | Killed Terence
  3165 | D:3      | Noticed Robin
  3185 | D:3      | Killed Robin
  3390 | D:3      | Gained mutation: A weak demonic guardian rushes to your
                  | aid. [demonic ancestry]
  3390 | D:3      | Reached XP level 6. HP: 44/49 MP: 6/6
  3616 | D:4      | Noticed Dowan
  3616 | D:4      | Noticed Duvessa
  3628 | D:4      | Killed Duvessa
  3643 | D:4      | Killed Dowan
  3816 | D:4      | Killed from afar by an orc priest

Vault maps used:
D:1:      dpeg_arrival_brainrot
D:2:      nicolae_qazlal_general_emergency, first_ration, kennysheep_boxes
D:3:      uniq_terence, uniq_robin, uniq_jessica
D:4:      kennysheep_mini, minivault_11, trog_wizard, uniq_duvessa

Skill      XL: |  1  2  3  4  5  6 |
---------------+-------------------+-----
Shields        | 3 |  3.9
Armour         | 3 |  3.6
Axes           | 2 3 4 |  4.1
Fighting       | 4 |  4.8
Dodging        | |  0.8
Stealth        | |  0.2

Action                   |  1- 3 |  4- 6 || total
-------------------------+-------+-------++-------
Melee: War axe           |   108 |   188 ||   296
       Unarmed           |       |     7 ||     7
  Use: Potion            |       |     2 ||     2
 Stab: Distracted        |       |     1 ||     1
  Eat: Chunk             |     2 |     8 ||    10
Armor: Plate armour      |    79 |   153 ||   232
       Scale mail        |     1 |       ||     1
       Skin              |       |    11 ||    11
Dodge: Dodged            |    12 |    26 ||    38
Block: Shield            |    59 |   124 ||   183

Table legend:
 A = Non-vault XP
 B = Vault XP
 C = Vault XP percentage of total XP
 D = Non-vault monster count
 E = Vault monster count
 F = Vault count percentage of total count
                 A         B        C        D         E       F
            +---------+---------+-------+---------+---------+-------
      Total |     390 |     308 |  44.1 |      66 |      17 |  20.5
            +---------+---------+-------+---------+---------+-------
        D:1 |      42 |       0 |   0.0 |      16 |       0 |   0.0
        D:2 |     148 |      69 |  31.8 |      28 |       2 |   6.7
        D:3 |      94 |      39 |  29.3 |      15 |      13 |  46.4
        D:4 |     106 |     200 |  65.4 |       7 |       2 |  22.2
            +---------+---------+-------+---------+---------+-------
